 Dungeon Crawl Stone Soup version 0.22-a0-247-gbddf880 (webtiles) character file.

10756 Amnesiac the Carver (level 11, -2/59 HPs)
             Began as a Deep Elf Artificer on Feb 25, 2018.
             Was an Initiate of Gozag.
             Slain by Snorg (4 damage)
             ... on level 10 of the Dungeon.
             The game lasted 00:27:10 (11302 turns).

Amnesiac the Carver (Deep Elf Artificer)           Turns: 11302, Time: 00:27:11

Health: -2/59      AC: 18    Str: 12    XL:     11   Next: 40%
Magic:  0/16       EV:  6    Int: 17    God:    Gozag
Gold:   1234       SH:  0    Dex: 15    Spells: 10/10 levels left

rFire    + . .     SeeInvis .   a - +8 demon blade (elec)
rCold    . . .     Gourm    .   (no shield)
rNeg     . . .     Faith    .   G - +0 chain mail {rF+}
rPois    .         Spirit   +   n - +0 helmet
rElec    .         Reflect  .   t - scarf {Spirit}
rCorr    .         Harm     .   (no gloves)
MR       +....                  y - +0 pair of boots
Stlth    +.........             T - amulet of rage
HPRegen  0.19/turn              i - +3 ring of protection
MPRegen  0.15/turn              A - +4 ring of protection

@: gold aura
A: no striking features
a: Potion Petition, Call Merchant, Bribe Branch, Renounce Religion, Evoke
Berserk Rage


You were on level 10 of the Dungeon.
You worshipped Gozag.
Gozag was most pleased with you.
You were not hungry.

You visited 2 branches of the dungeon, and saw 11 of its levels.

You collected 2197 gold pieces.
You spent 866 gold pieces at shops.
You paid 97 gold pieces to Gozag.

Inventory:

Hand Weapons
 a - a +8 demon blade of electrocution (weapon)
 b - a +2 dagger of venom
Missiles
 g - 8 curare-tipped needles
 w - 8 needles of paralysis
 J - 3 poisoned tomahawks (quivered)
 K - 19 poisoned needles
Armour
 j - a +0 leather armour
 n - a +0 helmet (worn)
 t - a scarf of spirit shield (worn)
 y - a +0 pair of boots (worn)
 G - a +0 chain mail of fire resistance (worn)
Magical Staves
 o - an uncursed staff of poison
 s - an uncursed staff of earth
 O - an uncursed staff of cold
Jewellery
 i - a +3 ring of protection (left hand)
 m - an uncursed amulet of harm
 A - a +4 ring of protection (right hand)
 T - an amulet of rage (around neck)
Wands
 d - a wand of enslavement (15)
 p - a wand of digging (7)
 N - a wand of polymorph (26)
 U - a wand of random effects (19)
 V - a wand of disintegration (10)
Scrolls
 e - a scroll of brand weapon {!r, unknown}
 x - 4 scrolls of remove curse {!r}
 C - 3 scrolls of enchant armour {!r, unknown}
 D - 2 scrolls of magic mapping {!r, unknown}
 F - a scroll of fog {!r, unknown}
 M - a scroll of blinking {!r, unknown}
 P - a scroll of fear {!r, unknown}
 Q - a scroll of identify {!r}
 R - 2 scrolls of teleportation {!r}
Potions
 f - a potion of berserk rage {!q}
 h - a potion of heal wounds {!q}
 k - 3 potions of ambrosia {!q}
 l - 7 potions of curing {!q, unknown}
 q - a potion of resistance {!q, unknown}
 r - 2 potions of flight {!q, unknown}
 u - 3 potions of lignification {!q, unknown}
 v - a potion of cancellation {!q, unknown}
 z - a potion of invisibility {!q}
 B - 2 potions of degeneration {!q, unknown}
 E - 3 potions of agility {!q, unknown}
 H - 2 potions of brilliance {!q, unknown}
 I - a potion of haste {!q}
 L - a potion of magic {!q}
 S - a potion of might {!q}
 X - a potion of mutation {!q, unknown}
Comestibles
 c - 9 rations


   Skills:
 - Level 2.9 Fighting
 - Level 8.0(11.7) Short Blades
 * Level 12.4(13.1) Long Blades
 - Level 2.9 Armour
 - Level 3.0 Dodging
 - Level 8.3 Stealth
 - Level 4.0 Evocations


You had 10 spell levels left.
You didn't know any spells.

Dungeon Overview and Level Annotations

Branches:
Dungeon (10/15)            Temple (1/1) D:5            Lair (0/6) D:10
    Orc (0/2) D:10

Altars:
Cheibriados
Dithmenos
Elyvilon
Fedhas
Gozag
Hepliaklqana
Kikubaaqudgha
Nemelex Xobeh
Qazlal
Sif Muna
Vehumet
Wu Jian
Yredelemnul
The Shining One

Shops:
D:6 *   D:7 (

Annotations:
D:10 Snorg


Message History

You open the door.
Found a staircase to the Orcish Mines.
There is an open door here.
You now have 1206 gold pieces (gained 16).
You now have 1215 gold pieces (gained 9).
You now have 1234 gold pieces (gained 19).
There is an open door here.
Key pressed, stopping explore.
Things that are here:
a dagger; a robe
Things that are here:
a hand axe; a leather armour; a short sword Key pressed, stopping explore.
A worker ant and Snorg come into view.
Snorg shouts!
There are monsters nearby!
There are monsters nearby!
The worker ant bites you but does no damage.
You slash the worker ant!
Lightning courses through the worker ant!
You kill the worker ant!
Snorg bites you but does no damage. Snorg claws you but does no damage.
Snorg claws you.
You see here 6 gold pieces.
You barely miss Snorg.
Snorg goes berserk!
Evoke which item? (* to show all) (? for menu, Esc to quit)
Aiming: Random Effects
Press: ? - help, Shift-Dir - straight line, f - Snorg
Aim: Snorg (berserk, fast, unusually strong)
The fireball explodes!
The fireball engulfs Snorg.
Snorg is lightly wounded.
The fireball engulfs you! You resist. Snorg bites you!
Snorg claws you but does no damage. x2
Evoke which item? (* to show all) (? for menu, Esc to quit)
Aiming: Random Effects
Press: ? - help, Shift-Dir - straight line, f/p - Snorg
Aim: Snorg (lightly wounded, berserk, fast, unusually strong) Snorg seems to speed up.
Snorg barely misses you. Snorg completely misses you.
Snorg claws you but does no damage. Snorg bites you.
Snorg claws you but does no damage. Snorg barely misses you.
Evoke which item? (* to show all) (? for menu, Esc to quit)
Aiming: Random Effects
Press: ? - help, Shift-Dir - straight line, f/p - Snorg
Aim: Snorg (lightly wounded, berserk, fast, unusually strong) Snorg easily resists.
Snorg bites you!!
* * * LOW HITPOINT WARNING * * *
Snorg claws you!
* * * LOW HITPOINT WARNING * * *
Snorg claws you.
* * * LOW HITPOINT WARNING * * *
Evoke which item? (* to show all) (? for menu, Esc to quit)
Aiming: Random Effects
Press: ? - help, Shift-Dir - straight line, f/p - Snorg
Aim: Snorg (lightly wounded, berserk, fast, unusually strong) Snorg flickers and vanishes!
Deactivating autopickup; reactivate with Ctrl-A.
Something bites you!
* * * LOW HITPOINT WARNING * * *
Something claws you.
* * * LOW HITPOINT WARNING * * *
Something claws you but does no damage. Something bites you but does no damage.
Something claws you but does no damage. Something claws you.
You die...
Your body crumbles into a pile of gold.

##### #...# ..#.# #...#
##.## ###########
.#.###########..@{......
............##.#########
...########.##.#
.............#.#
..♣..######..#.# ......#
#>.#.######## ......##
#...........( .......#
#....########
♣....♣.####....#


There were no monsters in sight!

Vanquished Creatures
  Harold (D:10)
  A rakshasa (D:8)
  A two-headed ogre (D:8)
  A troll (D:10)
  Prince Ribbit (D:9)
  A hippogriff (D:7)
  A spriggan (D:7)
  A wyvern (D:10)
  A wraith (D:10)
  15 yaks
  A basilisk (D:10)
  The ghost of Feta the Shield-Bearer, an amateur FoFi of Hepliaklqana (D:3)
  A water moccasin (D:10)
  An acid dragon (D:7)
  3 porcupines (D:10)
  4 ice beasts
  A sky beast (D:5)
  6 orc warriors
  2 necrophages
  A black bear (D:8)
  An eye of draining (D:10)
  3 ogres
  A phantom (D:10)
  5 crocodiles
  A big kobold (D:10)
  7 bullfrogs
  A wyvern zombie (D:10)
  A wyvern skeleton (D:7)
  3 scorpions
  8 wights
  5 howler monkeys
  7 crimson imps
  A centaur zombie (D:10)
  A quasit (D:10)
  5 hounds
  3 bullfrog skeletons
  3 orc priests
  3 jellies
  10 orc wizards
  A centaur skeleton (D:4)
  Jessica (D:3)
  Terence (D:3)
  4 worker ants
  A hound zombie (D:10)
  A worker ant zombie (D:7)
  Robin (D:2)
  A gnoll (D:1)
  9 adders
  An adder skeleton (D:4)
  6 dart slugs (D:4)
  3 leopard geckos
  30 orcs
  2 ball pythons
  6 bats
  4 giant cockroaches (D:1)
  16 goblins
  13 hobgoblins
  15 kobolds
  4 quokkas
  5 frilled lizards
  3 leopard gecko skeletons
  A leopard gecko zombie (D:7)
  A quokka skeleton (D:9)
  A quokka zombie (D:6)
  6 rats
251 creatures vanquished.

Vanquished Creatures (others)
  A bush (D:10)
  5 fungi (D:10)
  13 plants (D:10)
19 creatures vanquished.

Grand Total: 270 creatures vanquished

Notes
Turn   | Place    | Note
-------+----------+-------------------------------------------
     0 | D:1      | Amnesiac the Deep Elf Artificer began the quest for the Orb.
     0 | D:1      | Reached XP level 1. HP: 11/11 MP: 5/5
   105 | D:1      | Reached XP level 2. HP: 14/16 MP: 6/6
   535 | D:2      | Reached XP level 3. HP: 20/20 MP: 8/8
   827 | D:2      | Noticed Robin
  1059 | D:3      | Reached XP level 4. HP: 18/24 MP: 9/9
  1500 | D:4      | Reached XP level 5. HP: 27/28 MP: 8/10
  1822 | D:5      | Entered Level 5 of the Dungeon
  1860 | D:5      | Noticed an ogre
  1901 | D:5      | Found a staircase to the Ecumenical Temple.
  1910 | Temple   | Entered the Ecumenical Temple
  1913 | Temple   | Became a worshipper of Gozag Ym Sagoz the Greedy
  2727 | D:2      | Killed Robin
  2817 | D:2      | Found a blossoming altar of Fedhas.
  3262 | D:3      | Reached XP level 6. HP: 33/33 MP: 11/11
  3291 | D:3      | Noticed Feta's ghost (amateur FoFi)
  3299 | D:3      | Killed Feta's ghost
  3299 | D:3      | Reached skill level 5 in Short Blades
  3411 | D:3      | Noticed Jessica
  3413 | D:3      | Killed Jessica
  3470 | D:3      | Noticed Terence
  3484 | D:3      | Killed Terence
  3484 | D:3      | Reached skill level 5 in Stealth
  3822 | D:5      | Reached XP level 7. HP: 37/37 MP: 12/12
  4618 | D:6      | Reached XP level 8. HP: 25/42 MP: 13/13
  5051 | D:6      | Found Kafoix's Assorted Antiques.
  5058 | D:6      | Bought a scroll labeled VIULACUHUECH for 24 gold pieces
  5058 | D:6      | Bought a scroll labeled DYWNAA VIKKAT for 24 gold pieces
  5058 | D:6      | Bought a viscous white potion for 21 gold pieces
  5058 | D:6      | Bought a scroll labeled DYWNAA VIKKAT for 24 gold pieces
  5416 | D:6      | Reached skill level 1 in Fighting
  5432 | D:6      | Reached skill level 1 in Armour
  5722 | D:7      | Noticed a hippogriff
  5744 | D:7      | Killed a hippogriff
  5837 | D:7      | Found Exkogami's Weapon Shop.
  5936 | D:7      | Reached skill level 1 in Long Blades
  5936 | D:7      | Reached XP level 9. HP: 49/49 MP: 12/14
  6063 | D:7      | Reached skill level 2 in Long Blades
  6436 | D:7      | Reached skill level 3 in Long Blades
  6523 | D:6      | Reached skill level 4 in Long Blades
  6775 | D:7      | Bought a +4 demon blade of electrocution for 773 gold pieces
  6860 | D:7      | Reached skill level 5 in Long Blades
  7038 | D:8      | Noticed a two-headed ogre
  7333 | D:8      | Noticed a rakshasa
  7724 | D:8      | Found an opulent altar of Gozag.
  7861 | D:8      | Reached skill level 6 in Long Blades
  7933 | D:8      | Killed a rakshasa
  7933 | D:8      | Reached skill level 7 in Long Blades
  8333 | D:8      | Reached XP level 10. HP: 55/55 MP: 15/15
  8531 | D:8      | Killed a two-headed ogre
  8531 | D:8      | Reached skill level 8 in Long Blades
  8988 | D:9      | Reached skill level 9 in Long Blades
  9056 | D:9      | Noticed Prince Ribbit
  9217 | D:9      | Reached skill level 10 in Long Blades
  9810 | D:9      | Killed Prince Ribbit
  9834 | D:10     | Entered Level 10 of the Dungeon
  9927 | D:10     | Noticed Harold
  9946 | D:10     | Killed Harold
  9946 | D:10     | Reached skill level 11 in Long Blades
  9981 | D:10     | Reached XP level 11. HP: 41/59 MP: 13/16
 10931 | D:10     | Reached skill level 12 in Long Blades
 10974 | D:10     | Found a staircase to the Lair.
 11196 | D:10     | Found a staircase to the Orcish Mines.
 11294 | D:10     | Noticed Snorg
 11302 | D:10     | HP: 2/59 [something (6)]
 11302 | D:10     | Slain by Snorg

Vault maps used:
D:1:      tarquinn_simple_flora_water_d
D:2:      lemuel_coloured_pillars_altar, serial_glass, glass_columns_b,
          glass_columns_a, glass_columns_a, glass_columns_b, glass_columns_b,
          glass_columns_c, uniq_robin
D:3:      uniq_terence, uniq_jessica
D:4:      kennysheep_slugbush, first_ration
D:5:      lemuel_temple_firewalk_b, lemuel_flame_loot_1
D:6:      serial_shops, shop
D:7:      serial_shops, nicolae_shop_crystal, the_bakery
D:8:      minmay_cornered_nines, nicolae_gozag_seed_capital
D:9:      uniq_prince_ribbit1
D:10:     minmay_lair_entry_grove, david_orc_4, st_stairs_8, uniq_snorg,
          uniq_harold
Temple:   dpeg_three_leaves_temple

Skill      XL: |  1  2  3  4  5  6  7  8  9 10 11 |
---------------+----------------------------------+-----
Evocations     | 4 |  4.0
Short Blades   | 2 3 4 5 7 8 |  8.0
Stealth        | 2 3 4 5 6 8 |  8.3
Fighting       | 2 |  2.9
Armour         | 2 |  2.9
Long Blades    | 1 7 11 12 | 12.4
Dodging        | 3 |  3.0

Action                   |  1- 3 |  4- 6 |  7- 9 | 10-12 || total
-------------------------+-------+-------+-------+-------++-------
Melee: Dagger            |    89 |   163 |   501 |       ||   753
       Short sword       |     8 |       |       |       ||     8
       Demon blade       |       |       |    74 |   298 ||   372
 Fire: Hunting sling     |     4 |    16 |     7 |       ||    27
Throw: Throwing net      |       |       |       |     1 ||     1
Invok: Potion Petition   |       |       |       |     1 ||     1
Evoke: Wand              |     3 |     8 |    19 |     6 ||    36
  Use: Scroll            |       |       |    11 |     1 ||    12
       Potion            |       |       |     1 |     1 ||     2
 Stab: Sleeping          |     1 |    10 |       |       ||    11
       Distracted        |       |       |     1 |     3 ||     4
       Held in net/web   |       |       |       |     1 ||     1
  Eat: Chunk             |     1 |     2 |       |       ||     3
       Ration            |       |     2 |     4 |     3 ||     9
Armor: Leather armour    |    29 |    43 |       |       ||    72
       Chain mail        |       |       |   258 |   163 ||   421
Dodge: Dodged            |    65 |    76 |    81 |    57 ||   279
       Rpst.: Demon blade |       |       |     2 |    17 ||    19

Table legend:
 A = Spawn XP
 B = Non-spawn XP
 C = Spawn XP percentage of total XP
 D = Spawn monster count
 E = Non-spawn monster count
 F = Spawn count percentage of total count
 G = Total turns spent on level
                    A         B        C        D         E        F      G
               +---------+---------+-------+---------+---------+-------+---------
         Total |       0 |   15366 |   0.0 |       0 |     251 |   0.0 | 11302
               +---------+---------+-------+---------+---------+-------+---------
           D:1 |       0 |      62 |   0.0 |       0 |      25 |   0.0 |   956
           D:2 |       0 |     136 |   0.0 |       0 |      37 |   0.0 |  1233
           D:3 |       0 |     287 |   0.0 |       0 |      13 |   0.0 |   701
           D:4 |       0 |     164 |   0.0 |       0 |      15 |   0.0 |   747
           D:5 |       0 |    1096 |   0.0 |       0 |      25 |   0.0 |  1467
           D:6 |       0 |     514 |   0.0 |       0 |      12 |   0.0 |   791
           D:7 |       0 |    1799 |   0.0 |       0 |      23 |   0.0 |  1694
           D:8 |       0 |    2386 |   0.0 |       0 |      13 |   0.0 |  1075
           D:9 |       0 |    3235 |   0.0 |       0 |      28 |   0.0 |  1417
          D:10 |       0 |    5687 |   0.0 |       0 |      60 |   0.0 |  1214
               +---------+---------+-------+---------+---------+-------+---------
